 Dungeon Crawl Stone Soup version 0.18-a0-1372-gd644665 (webtiles) character file.

8742 Duffy the Martial Artist (level 11, -9/98 (99) HPs)
             Began as a Naga Transmuter on Feb 21, 2016.
             Was a Believer of Cheibriados.
             Mangled by a ten-headed hydra (16 damage)
             ... on level 1 of the Lair of Beasts.
             The game lasted 00:24:39 (16386 turns).

Duffy the Martial Artist (Naga Transmuter)         Turns: 16386, Time: 00:24:40

HP:   -9/98 (99)    AC:  8    Str: 20    XL:     11   Next: 35%
MP:   15/19         EV: 16    Int: 19    God:    Cheibriados [**....]
Gold: 517           SH:  0    Dex: 20    Spells: 3 memorised, 11 levels left

rFire  . . .     SeeInvis +       - Unarmed
rCold  . . .     Gourm    .     A - +1 robe {MR+}
rNeg   . . .     Faith    .     (shield currently unavailable)
rPois  +         Spirit   .     p - +0 helmet
rElec  .         Dismiss  .     I - +0 cloak
rCorr  .         Reflect  .     (gloves currently unavailable)
SustAt .         Harm     .     (no barding)
MR     ++...                    (no amulet)
Stlth  ++........               E - +1 ring of protection
                                q - +3 ring of evasion

@: blade hands (expiring), drained, very slow, very resistant to hostile
enchantments, unstealthy
A: see invisible, deformed body, poison resistance, slowness 2, slow metabolism
1, spit poison 2, AC +3
a: Spit Poison, End Transformation, Bend Time, Renounce Religion


You were on level 1 of the Lair of Beasts.
You worshipped Cheibriados.
Cheibriados was pleased with you.
You were not hungry.
You had blades for hands.
You visited 3 branches of the dungeon, and saw 12 of its levels.

You collected 572 gold pieces.
You spent 55 gold pieces at shops.


Innate Abilities, Weirdness & Mutations

You cannot wear boots.
Your serpentine skin is tough (AC +3).
You have supernaturally acute eyesight.
Armour fits poorly on your strangely shaped body.
Your system is resistant to poisons.
You cover ground very slowly.
You have a slow metabolism.
You can spit poison.


   Skills:
 - Level 6.8(6.1) Fighting
 + Level 4.9(4.3) Dodging
 * Level 11.2(10.5) Unarmed Combat
 - Level 5.8(5.2) Spellcasting
 - Level 7.8(7.1) Transmutations
 - Level 2.0(1.4) Poison Magic
 + Level 3.2(2.6) Invocations


You had 11 spell levels left.
You knew the following spells:

 Your Spells              Type           Power        Failure   Level  Hunger
j - Blade Hands           Trmt           ####......   63%         5    ######.
l - Spider Form           Trmt/Pois      ###.......   41%         3    ##.....
s - Sticks to Snakes      Trmt           ####....     17%         2    #......

Inventory:

Missiles
 a - 139 arrows
 h - 50 poisoned needles
Armour
 p - a +0 helmet (worn)
 y - a +2 scale mail of fire resistance
 A - a +1 robe of magic resistance (worn)
 D - a +4 scale mail
 I - a +0 cloak (worn)
 Q - a troll hide
 S - a steam dragon hide
Jewellery
 j - an uncursed amulet of dismissal
 q - a +3 ring of evasion (left scythe-like blade)
 C - an uncursed ring of stealth
 E - a +1 ring of protection (right scythe-like blade)
Wands
 B - a wand of teleportation (7/9)
 H - a wand of flame (21/48)
 L - a wand of flame (15/48)
 P - a wand of paralysis (13/24)
 R - a wand of disintegration (13/24)
Scrolls
 e - a scroll of enchant armour {unknown}
 i - 2 scrolls of teleportation
 l - a scroll of blinking
 n - 3 scrolls of remove curse
 o - a scroll of immolation {unknown}
 r - 3 scrolls of recharging
 s - a scroll of magic mapping
 u - a scroll of fog {unknown}
 v - a scroll of noise {unknown}
 w - 3 scrolls of amnesia
Potions
 f - 4 potions of cancellation
 k - 3 potions of might
 m - 4 potions of curing
 t - a potion of resistance {unknown}
 x - 3 potions of berserk rage
 F - a potion of lignification {unknown}
 K - a potion of brilliance {unknown}
Books
 c - a book of Changes
 G - a book of Fire
 M - a book of Conjurations
 T - a book of Summonings
Comestibles
 b - 5 beef jerkies
 d - 10 bread rations
 g - 4 fruits
 O - 2 meat rations

Dungeon Overview and Level Annotations

Branches:
Dungeon (10/15)            Temple (1/1) D:4            Lair (1/8) D:10
    Orc (0/2) D:10

Altars:
Ashenzari
Cheibriados
Dithmenos
Elyvilon
Fedhas
Gozag
Kikubaaqudgha
Makhleb
Nemelex Xobeh
Okawaru
Pakellas
Qazlal
Ru
Sif Muna
Trog
Vehumet
Xom
Yredelemnul
Zin
The Shining One

Shops:
D:4 *


Message History

The six-headed hydra bites you. The six-headed hydra bites you!
The six-headed hydra barely misses you. The six-headed hydra bites you.
You chop one of the six-headed hydra's heads off!
The five-headed hydra grows two more!
You slash the seven-headed hydra!
The seven-headed hydra is lightly wounded.
The seven-headed hydra closely misses you.
The seven-headed hydra bites you! The seven-headed hydra misses you. x2
The seven-headed hydra barely misses you.
The seven-headed hydra misses you.
The seven-headed hydra barely misses you.
You are too injured to fight recklessly!
You lop one of the seven-headed hydra's heads off!
The six-headed hydra grows two more!
You slice the eight-headed hydra!!
The eight-headed hydra is moderately wounded.
The eight-headed hydra barely misses you.
The eight-headed hydra bites you! The eight-headed hydra bites you. x2
The eight-headed hydra bites you!
The eight-headed hydra completely misses you.
The eight-headed hydra barely misses you.
The eight-headed hydra bites you.
You lop one of the eight-headed hydra's heads off!
The seven-headed hydra grows two more!
You hit the nine-headed hydra. You slash the nine-headed hydra.
The nine-headed hydra is moderately wounded.
You chop one of the nine-headed hydra's heads off!
The eight-headed hydra grows two more!
You shred the ten-headed hydra!!! You slash the ten-headed hydra!
The ten-headed hydra is almost dead.
You hear a screech!
The ten-headed hydra bites you but does no damage.
The ten-headed hydra bites you. x2; The ten-headed hydra barely misses you. x2
The ten-headed hydra closely misses you.
The ten-headed hydra barely misses you. The ten-headed hydra bites you.
The ten-headed hydra barely misses you. The ten-headed hydra bites you!
You die...

,,,,,,*####.##.....###P+***,*,,,,
........................,,,,,,,,,
........................,,,,,,,,,
,.......................,,,,\,,,,
,#.....................,,,,,,,,,,
*#..................#*****,*,,,**
##.................#* ******,,,**
#....###.#.#.#...D.#***,*,*,,,,*
*#..<#........#.@.##*,,,,***,,,**
*#............#...#**,,,,,,,,,,,*
*#...#........#.....,,,,,*,*,,,**
*#...#........#...###*,,,***,,,*
.....#...........(P* **,****,,,**
##.?.+........#...##**,,**,,,,,,*
,#...#.##+.+###....,,,,,,,,,,,,,,
,.......,....,.....,,,,,,,,,,,,,,
##.###########**###**,***********


You could see a ten-headed hydra.

Action                   |  1- 3 |  4- 6 |  7- 9 | 10-12 || total
-------------------------+-------+-------+-------+-------++-------
Melee: Unarmed           |   125 |   111 |   387 |   317 ||   940
 Cast: Spider Form       |     4 |    11 |    42 |    13 ||    70
       Sticks to Snakes  |       |       |     2 |       ||     2
       Blade Hands       |       |       |     1 |    16 ||    17
 Abil: Spit Poison       |    39 |    15 |    11 |     1 ||    66
  Use: Scroll            |       |       |     9 |     5 ||    14
       Potion            |       |       |     1 |       ||     1
 Stab: Sleeping          |       |     3 |     5 |     5 ||    13
  Eat: Chunk             |     7 |     7 |    21 |    14 ||    49
       Beef jerky        |       |     2 |       |       ||     2
       Meat ration       |       |       |     1 |     1 ||     2

Notes
Turn   | Place    | Note
--------------------------------------------------------------
     0 | D:1      | Duffy the Naga Transmuter began the quest for the Orb.
     0 | D:1      | Reached XP level 1. HP: 18/18 MP: 3/3
   511 | D:1      | Reached XP level 2. HP: 25/25 MP: 5/5
   516 | D:1      | Learned a level 2 spell: Sticks to Snakes
  1614 | D:1      | Reached XP level 3. HP: 31/31 MP: 6/6
  1623 | D:1      | Learned a level 3 spell: Spider Form
  1770 | D:1      | Reached skill level 1 in Poison Magic
  2292 | D:2      | Noticed Robin
  2605 | D:1      | Killed Robin
  2703 | D:2      | Reached XP level 4. HP: 38/38 MP: 7/7
  2807 | D:2      | Reached skill level 2 in Poison Magic
  2831 | D:2      | Reached skill level 4 in Unarmed Combat
  2862 | D:2      | Noticed Terence
  2867 | D:2      | Killed Terence
  3229 | D:3      | Reached XP level 5. HP: 44/44 MP: 1/8
  3601 | D:3      | Reached skill level 5 in Unarmed Combat
  3716 | D:3      | Found a glowing golden altar of the Shining One.
  3991 | D:3      | Found a burning altar of Makhleb.
  4369 | D:4      | Found a staircase to the Ecumenical Temple.
  4369 | D:4      | Noticed Sigmund
  4449 | D:4      | Killed Sigmund
  4449 | D:4      | Reached skill level 6 in Unarmed Combat
  4449 | D:4      | Reached XP level 6. HP: 38/51 MP: 4/9
  4453 | Temple   | Entered the Ecumenical Temple
  4693 | D:4      | Noticed Duvessa
  4837 | D:4      | Killed Duvessa
  4837 | D:4      | Reached skill level 7 in Unarmed Combat
  4837 | D:4      | Reached XP level 7. HP: 39/57 MP: 6/10
  4937 | D:4      | Found a stormy altar of Qazlal.
  5007 | D:4      | Noticed Dowan
  5082 | D:4      | Killed Dowan
  5113 | D:4      | Noticed Menkaure
  5142 | D:4      | Killed Menkaure
  5142 | D:4      | Reached skill level 8 in Unarmed Combat
  5377 | D:4      | Found a white marble altar of Elyvilon.
  6169 | D:3      | Reached skill level 9 in Unarmed Combat
  6169 | D:3      | Reached XP level 8. HP: 38/64 MP: 9/11
  6452 | D:4      | Found Ceipluam's General Store.
  6459 | D:4      | Bought a scroll of identify for 22 gold pieces
  6459 | D:4      | Bought a scroll of teleportation for 33 gold pieces
  7103 | D:5      | Entered Level 5 of the Dungeon
  7465 | D:5      | Found an ancient bone altar of Kikubaaqudgha.
  7580 | D:5      | Reached skill level 10 in Unarmed Combat
  7603 | D:5      | Reached skill level 3 in Transmutations
  7923 | D:5      | Found a shattered altar of Ashenzari.
  8387 | D:5      | Reached skill level 4 in Transmutations
  8543 | D:5      | Learned a level 5 spell: Blade Hands
  8571 | D:6      | Found a blossoming altar of Fedhas.
  8600 | D:6      | Reached XP level 9. HP: 60/72 MP: 8/12
  8662 | D:6      | Found a shadowy altar of Dithmenos.
  8692 | D:6      | Found an opulent altar of Gozag.
  8746 | D:6      | Found an iron altar of Okawaru.
  8757 | D:6      | Reached skill level 2 in Fighting
  8910 | D:6      | Reached skill level 3 in Fighting
  8967 | D:6      | Reached skill level 5 in Transmutations
  9101 | D:6      | Noticed Crazy Yiuf
  9110 | D:6      | Killed Crazy Yiuf
  9466 | D:6      | Reached skill level 4 in Fighting
  9946 | D:7      | Reached skill level 6 in Transmutations
 10053 | D:7      | Found an oddly glowing altar of Pakellas.
 10941 | D:7      | Reached skill level 5 in Fighting
 11280 | D:7      | Reached skill level 7 in Transmutations
 11565 | D:7      | Reached XP level 10. HP: 90/90 MP: 13/13
 11585 | D:7      | Reached skill level 6 in Fighting
 11799 | D:8      | Found a bloodstained altar of Trog.
 12241 | D:8      | Reached skill level 3 in Spellcasting
 13736 | D:9      | Found a sparkling altar of Nemelex Xobeh.
 13736 | D:9      | Found a radiant altar of Vehumet.
 13737 | D:9      | Found a snail-covered altar of Cheibriados.
 13743 | D:9      | Became a worshipper of Cheibriados the Contemplative
 13845 | D:9      | Reached skill level 4 in Spellcasting
 13987 | D:9      | Reached skill level 2 in Dodging
 14298 | D:10     | Entered Level 10 of the Dungeon
 14459 | D:10     | Noticed a hill giant
 14470 | D:10     | Killed a hill giant
 14470 | D:10     | Reached * piety under Cheibriados
 14470 | D:10     | Reached skill level 3 in Dodging
 14470 | D:10     | Reached skill level 5 in Spellcasting
 14926 | D:10     | Reached skill level 4 in Dodging
 15009 | D:10     | Found an opulent altar of Gozag.
 15033 | D:10     | Found a staircase to the Lair.
 15039 | D:10     | Reached skill level 1 in Invocations
 15039 | D:10     | Reached XP level 11. HP: 74/98 MP: 13/19
 15393 | D:10     | Reached ** piety under Cheibriados
 15393 | D:10     | Reached skill level 2 in Invocations
 15541 | D:10     | Reached skill level 11 in Unarmed Combat
 15716 | D:10     | Found a staircase to the Orcish Mines.
 15729 | D:10     | Got a steaming jade amulet
 16025 | D:10     | Identified the amulet of Lesienn {+Rage rC+ MR- Str+5} (You took it off an orc on level 10 of the Dungeon)
 16126 | D:10     | Reached skill level 3 in Invocations
 16362 | Lair:1   | Entered Level 1 of the Lair of Beasts
 16375 | Lair:1   | Noticed a four-headed hydra
 16386 | Lair:1   | Mangled by a ten-headed hydra

Vault maps used:
D:1:      minmay_arrival_split_and_join, nrook_uturn, nrook_mini_backslash,
          st_stairs_5
D:2:      uniq_terence, uniq_robin
D:3:      makhleb_grotto_becter, tso_oasis_becter
D:4:      kennysheep_mini, kennysheep_mini_moat, serial_shops, shop_fountains,
          uniq_duvessa, uniq_menkaure, uniq_sigmund
D:5:      ashenzari_conservatory_becter, kiku_gazebo_garden_becter, first_bread,
          minivault_14
D:6:      okawaru_metal_pillars_1_2, old_standard_altar, basic_altar,
          lightli_sewer_entry_pipes, minivault_1,
          nicolae_gozag_cash_rules_everything_around_me, uniq_crazy_yiuf_cottage
D:7:      kennysheep_little_box
D:8:      trog_ov_bears_minmay
D:9:      gammafunk_temple_overflow_claw
D:10:     minmay_lair_entry_lava, erik_orc_1, basic_altar,
          minmay_misc_feat_plants
Temple:   hc_temple_tempest_star_small
Lair:1:   lab_entry_generic, grunt_megastairs_3

Vanquished Creatures
  A hill giant
  A gargoyle
  A fire drake
  2 trolls
  3 two-headed ogres Sigmund
  A yak
  A wraith
  A steam dragon
  A hippogriff
  A hungry ghost Menkaure
  2 water moccasins Duvessa
  A swamp drake
  5 ice beasts
  2 phantoms
  A necrophage
  4 black bears
  3 sky beasts
  4 orc warriors
  3 ogres
  5 centaurs
  4 giant frogs Dowan
  3 scorpions
  3 killer bees
  4 wights
  7 crimson imps
  A centaur zombie
  A quasit
  3 jellies
  2 centaur skeletons
  10 orc priests Crazy Yiuf
  2 giant frog skeletons
  4 hounds
  13 orc wizards Terence
  11 worker ants
  A hound zombie
  2 hound skeletons Robin
  7 gnolls
  11 adders
  3 shadow imps
  An ooze
  2 adder skeletons
  An adder zombie
  6 worms
  5 giant geckos
  44 orcs
  2 ball pythons
  14 giant cockroaches
  15 goblins
  9 hobgoblins
  7 jackals
  10 kobolds
  3 quokkas
  4 bats
  2 giant newts
  A jackal skeleton
  A jackal zombie
  A quokka skeleton
  9 rats
279 creatures vanquished.
